[Event "*** Titled Tuesday Blitz"]
[Site "Chess.com"]
[Date "2020.04.14"]
[Round "8"]
[White "viditchess"]
[Black "IwkooO"]
[Result "1-0"]
[WhiteElo "2931"]
[BlackElo "2541"]
[TimeControl "180+1"]
[EndTime "11:30:11 PDT"]
[Termination "viditchess won by resignation"]

1. e4 c5 2. Nf3 e6 3. d4 cxd4 4. Nxd4 Nc6 5. Nc3 a6 6. g3 d6 7. Bg2 Bd7 8. O-O Nf6 9. Nxc6 Bxc6 10. Re1 Be7 11. a4 O-O 12. a5 Qd7 13. Be3 Rfd8 14. Bb6 Rdc8 15. Qd2 Bd8 16. Bd4 Qe7 17. h3 Bc7 18.
Nd5 Bxd5 19. exd5 e5 20. c4 Qd8 21. Be3 b6 22. b4 Nd7 23. h4 Rcb8 24. axb6 Bxb6 25. Rac1 Bxe3 26. Rxe3 Qb6 27. Bh3 Ra7 28. c5 dxc5 29. Bxd7 Rxd7 30. bxc5 Qc6 31. Rxe5 f6 32. Qa2 Qb5 33. d6+ Kf8 34. Re3 Rc8 35. Qe6 Qc6 36.
Rd1 Rcd8 37. Qf5 a5 38. Ra3 Qb5 39. Qd5 a4 40. Rc3 Qb4 41. Rc4 Qb3 42. Rd3 Qb1+ 43. Kg2 Qb5 44. c6 Qxd5+ 45. Rxd5 Rxd6 46. Rxd6 Rxd6 47.
c7 1-0

[Event "*** Titled Tuesday Blitz"]
[Site "Chess.com"]
[Date "2020.04.14"]
[Round "8"]
[White "eCztery"]
[Black "shyam"]
[Result "0-1"]
[WhiteElo "2416"]
[BlackElo "2638"]
[TimeControl "180+1"]
[EndTime "11:30:12 PDT"]
[Termination "shyam won by resignation"]

1. e4 c5 2. Nf3 Nc6 3. Bb5 Nf6 4. O-O Nxe4 5. d4 cxd4 6. Nxd4 Qb6 7. Bxc6 dxc6 8.
Be3 Qxb2 9. Nb3 Qf6 10. N1d2 Nc3 11. Qe1 Qg6 12. Bf4 f6 13. Nc4 Ne4 14. f3 Be6 15.
Nca5 Bxb3 16. axb3 Nc5 17. Qb4 e5 18. Be3 b6 19. Nxc6 Qf7 20. Qxb6 axb6 21. Rxa8+ Kd7 22. Ra7+ Ke8 23. Ra8+ Kd7 24. Ra7+ Kxc6 25. Rxf7 Ne6 26. f4 exf4 27. Bxf4 Bc5+ 28. Kh1 Rd8 29. c3 Nxf4 30. b4 Be3 31. Rxg7 h5 32. g3 Nd5 33. Rg6 Nxc3 34. Rfxf6+ Kb5 35. Rf5+ Kxb4 36. Rxh5 b5 37.
Kg2 Rd2+ 38. Kh3 Bg1 39. Rg4+ Kb3 40. Rf4 Rxh2+ 41. Kg4 Rd2 42. Rf3 b4 43. Rc5 Bxc5 44.
Kh5 Rd5+ 0-1

[Event "*** Titled Tuesday Blitz"]
[Site "Chess.com"]
[Date "2020.04.14"]
[Round "8"]
[White "Budisavljevic"]
[Black "Ovsiannikov_Maxim"]
[Result "1-0"]
[WhiteElo "2419"]
[BlackElo "2225"]
[TimeControl "180+1"]
[EndTime "11:30:14 PDT"]
[Termination "Budisavljevic won by resignation"]

1. d4 d5 2. Bf4 Nc6 3. e3 Bf5 4. a3 Nf6 5. c4 dxc4 6. Bxc4 e5 7. dxe5 Qxd1+ 8. Kxd1 Ng4 9. Ke2 Ngxe5 10. Bb5 O-O-O 11.
Nc3 a6 12. Bxc6 Bd3+ 13. Ke1 Nxc6 14. Nf3 f6 15. Rd1 g5 16. Bg3 h5 17. h4 g4 18. Nd2 Bh6 19. Nb3 Rhe8 20. Nc5 Bc4 21. b3 Bf7 22. Rxd8+ Rxd8 23. Ke2 b6 24. Nxa6 Bxb3 25.
Nxc7 Bc4+ 26. Ke1 Rd7 27. N7b5 f5 28. Nd6+ Rxd6 29. Bxd6 Bg7 30. Kd2 Na5 31. Bb4 Nb3+ 32. Kc2 b5 33. Nxb5 Bxb5 34. Kxb3 Bc6 35. Rg1 Bd5+ 36.
Kc2 Be4+ 37. Kd2 Kd7 38. g3 Kc6 39. Rc1+ Kb5 40. Rc5+ Ka4 41. Rc7 Be5 42. Re7 Bb2 43.
Rh7 Be5 44. Rxh5 Kb3 45. Rh6 Kc4 46. Rb6 Bc7 47. Rf6 Be5 48. Rf8 Bg7 49. Rc8+ Kd5 50. h5 Ke6 51. Rc7 Be5 52. Re7+ Kf6 53. a4 Bb2 54. h6 Kg6 55. h7 Bf6 56. Bc3 1-0

[Event "*** Titled Tuesday Blitz"]
[Site "Chess.com"]
[Date "2020.04.14"]
[Round "8"]
[White "cukin84"]
[Black "Leo_C"]
[Result "0-1"]
[WhiteElo "2100"]
[BlackElo "2247"]
[TimeControl "180+1"]
[EndTime "11:30:14 PDT"]
[Termination "Leo_C won by resignation"]

1. e4 Nf6 2. e5 Nd5 3. d4 d6 4. c4 Nb6 5. exd6 cxd6 6. Nc3 g6 7. Nf3 Bg7 8. Be2 O-O 9. Be3 Bg4 10. b3 d5 11. c5 Nc8 12. O-O Nc6 13. Rb1 e6 14. b4 a6 15. a4 Qe7 16. b5 axb5 17. axb5 Na5 18. h3 Bxf3 19. Bxf3 Nc4 20. Be2 Nxe3 21. fxe3 Qg5 22. Qd3 Ne7 23. e4 dxe4 24. Nxe4 Qd5 25.
Nf6+ Bxf6 26. Rxf6 Nf5 27. Rd1 Kg7 28. Bf3 Qxd4+ 29. Qxd4 Nxd4 30. Rf4 Nxf3+ 31. Rxf3 Rfc8 32. Rc3 Ra5 33. Rb1 h5 34. Kf2 Ra4 35. c6 bxc6 36.
bxc6 Ra6 37. c7 Ra7 38. Rbc1 Kf6 39. Ke3 Ke7 40. Ke4 Kd7 41. Rd3+ Ke7 42. Rdc3 f6 43. g4 hxg4 44. hxg4 Ra4+ 45. Kf3 Rd4 46. R3c2 Rd3+ 47.
Ke4 Rd7 48. Kf4 e5+ 49. Ke4 Ke6 50. Rc6+ Rd6 51. Rxd6+ Kxd6 52. Rf1 Ke7 53. Rc1 Kd7 54. Rf1 Rf8 55. g5 f5+ 56. Kxe5 Kxc7 57. Kf4 Re8 58.
Rd1 Re4+ 59. Kf3 Rg4 60. Rc1+ Kd7 61. Rd1+ Ke7 62. Re1+ Kf7 63. Ra1 Rxg5 64. Ra6 Rg4 65. Kf2 Re4 66. Kf3 Re6 67. Ra7+ Kf6 68. Kf4 Rb6 69.
Ra8 Rb4+ 70. Kf3 Kg5 71. Rh8 Rb3+ 72. Kf2 Kg4 73. Rg8 Rb2+ 74. Kf1 g5 75. Kg1 f4 76. Kf1 Kf3 77. Kg1 Rb1+ 78. Kh2 g4 0-1

[Event "*** Titled Tuesday Blitz"]
[Site "Chess.com"]
[Date "2020.04.14"]
[Round "8"]
[White "Kiborg95"]
[Black "DanielRensch"]
[Result "1-0"]
[WhiteElo "2770"]
[BlackElo "2537"]
[TimeControl "180+1"]
[EndTime "11:30:15 PDT"]
[Termination "Kiborg95 won by checkmate"]

1. d3 d5 2. Nd2 Nf6 3. e4 e5 4. Ngf3 Nc6 5. c3 a5 6. Be2 Be7 7.
O-O O-O 8. Qc2 Bg4 9. Re1 Qd7 10. h3 Bh5 11. Nf1 Rad8 12. Ng3 Bg6 13. Nh4 Bc5 14. Bg5 Ne7 15. Bxf6 gxf6 16. Bg4 Qc6 17. Rad1 Kh8 18. Qc1 Qb6 19. Re2 a4 20. Rde1 dxe4 21. dxe4 Rd3 22.
Ngf5 Ng8 23. Rd2 Rfd8 24. Red1 Rxd2 25. Rxd2 c6 26. g3 Qc7 27. Qd1 Rxd2 28. Qxd2 b5 29. a3 Bf8 30. Ng2 Ne7 31. Nge3 Nc8 32. h4 Nb6 33. Be2 Qd7 34. Qc2 Qe6 35. h5 Bxf5 36.
Nxf5 Nd7 37. c4 Nc5 38. cxb5 cxb5 39. Bxb5 Qb6 40. Bxa4 Qa5 41. Bc6 Qe1+ 42. Kg2 Ne6 43. Bd5 Ng5 44. Qc8 Kg8 45. Qe8 Qa5 46. Ne7+ Kg7 47.
h6+ Kxh6 48. Qxf8+ Kh5 49. Bxf7+ Kg4 50. Qh6 Qd2 51.
Qh4# 1-0

[Event "*** Titled Tuesday Blitz"]
[Site "Chess.com"]
[Date "2020.04.14"]
[Round "8"]
[White "vlad_Sid"]
[Black "ENEASZ"]
[Result "1-0"]
[WhiteElo "2646"]
[BlackElo "2493"]
[TimeControl "180+1"]
[EndTime "11:30:15 PDT"]
[Termination "vlad_Sid won on time"]

1. Nf3 d5 2. g3 Bg4 3. Bg2 Nd7 4. O-O Ngf6 5. b3 e5 6. Bb2 Bd6 7. c4 c6 8. cxd5 cxd5 9. d4 exd4 10. Nxd4 O-O 11.
Nd2 Re8 12. N2f3 a6 13. Rc1 Nc5 14. h3 Bh5 15. Nf5 Bf8 16. Qd4 Nce4 17. e3 Bg6 18. N3h4 Qd7 19. Nxg6 hxg6 20. Nh4 Rac8 21. Nf3 Rxc1 22.
Rxc1 Rc8 23. Rd1 Rc2 24. Nd2 Qf5 25. Bxe4 dxe4 26. Kg2 Qh5 27. Rc1 Rxc1 28. Bxc1 Qd1 29. Bb2 g5 30. Qd8 g4 31. hxg4 Nxg4 32. Ba3 Nxe3+ 33.
fxe3 Qe2+ 34. Kg1 Qxe3+ 35. Kf1 Qd3+ 36. Qxd3 exd3 37. Bxf8 Kxf8 38. Kf2 Ke7 39. Ke3 Ke6 40. Kxd3 Kf5 41. Ke3 Kg4 42. Kf2 f5 43. Nc4 g5 44.
Ne5+ Kh3 45. Nc4 Kh2 46. Ne3 f4 47. gxf4 gxf4 48. Nd5 1-0

[Event "*** Titled Tuesday Blitz"]
[Site "Chess.com"]
[Date "2020.04.14"]
[Round "8"]
[White "jaskol95"]
[Black "MisiekZielony"]
[Result "0-1"]
[WhiteElo "2388"]
[BlackElo "2218"]
[TimeControl "180+1"]
[EndTime "11:30:15 PDT"]
[Termination "MisiekZielony won by checkmate"]

1. d4 d5 2. Bf4 c5 3. e3 Nf6 4. c3 b6 5. Nd2 g6 6. Ngf3 Bg7 7.
h4 O-O 8. Bd3 Bf5 9. Bxf5 gxf5 10.
Ne5 e6 11. h5 Nfd7 12. h6 Bf6 13. Qh5 Nxe5 14. dxe5 Be7 15. Rh3 Qe8 16. Rg3+ Kh8 17. Bg5 Nd7 18. Nf3 f6 19. Qxe8 Raxe8 20. exf6 Bxf6 21.
Bxf6+ Rxf6 22. Ke2 Rxh6 23. Ng5 Re7 24. c4 d4 25. exd4 cxd4 26. f4 e5 27. fxe5 Nxe5 28. Kd2 Rg6 29. Rh1 h6 30. Rhh3 f4 31. Ra3 Nxc4+ 32.
Kd3 Nxa3 33. Nf3 Nb5 34. a4 Nc7 35. Kxd4 Ne6+ 36. Kd5 Ng5 37. Rh5 Nxf3 38. gxf3 Rg5+ 39. Kd6 Rxh5 40. Kxe7 Rg5 41. b4 h5 42. Kd7 h4 43.
Kc7 h3 44. Kb7 Rg7+ 45. Ka6 h2 46. a5 bxa5 47. bxa5 h1=Q 48. Kb5 Qxf3 49. Ka6 Qc6# 0-1

[Event "*** Titled Tuesday Blitz"]
[Site "Chess.com"]
[Date "2020.04.14"]
[Round "8"]
[White "Vuk2000"]
[Black "Olga_Girya"]
[Result "1-0"]
[WhiteElo "2618"]
[BlackElo "2474"]
[TimeControl "180+1"]
[EndTime "11:30:16 PDT"]
[Termination "Vuk2000 won on time"]

1. d4 d5 2. Bf4 c5 3. e3 cxd4 4.
exd4 Nc6 5. c3 Bf5 6. Nf3 e6 7.
Nbd2 Bd6 8. Bg3 Nge7 9. Nh4 O-O 10. Nxf5 Nxf5 11. Bd3 Nxg3 12. hxg3 h6 13. Nf3 Re8 14. O-O Rb8 15. Bb5 Qc7 16. Qa4 Rec8 17. b4 a6 18. Bd3 Ne7 19. Rac1 Qd8 20. Nd2 Rc7 21. Rc2 Rbc8 22. Rfc1 Qd7 23. Qb3 Nc6 24. a4 Qe7 25. Nf3 Qf6 26. Re1 Rd8 27. Re3 Rdc8 28. Rce2 Ne7 29. Bb1 Nf5 30. Rd3 h5 31. Qb2 g6 32.
Qd2 Kg7 33. Ng5 Rxc3 34. Rxc3 Bxb4 35. Rxc8 Bxd2 36. Nf3 Ba5 37. Bxf5 Qxf5 38. Rcc2 b5 39.
axb5 axb5 40. Ra2 Bb6 41. Ra6 Qb1+ 42. Kh2 Bc7 43. Ra7 Bd6 44. Rd7 Bb4 45. Ng5 Qf1 46. Rb2 1-0

[Event "*** Titled Tuesday Blitz"]
[Site "Chess.com"]
[Date "2020.04.14"]
[Round "8"]
[White "Savagelittlemole"]
[Black "Usurpov"]
[Result "1-0"]
[WhiteElo "2604"]
[BlackElo "2422"]
[TimeControl "180+1"]
[EndTime "11:30:16 PDT"]
[Termination "Savagelittlemole won by resignation"]

1. e4 c5 2. Ne2 e6 3. g3 d5 4.
Bg2 dxe4 5. Nbc3 g6 6. Nxe4 Nh6 7. d4 cxd4 8. Nxd4 Bg7 9. c3 O-O 10. O-O Nf5 11. Nxf5 gxf5 12. Qxd8 Rxd8 13. Bg5 f6 14. Nxf6+ Kf7 15. Nh5 Rd3 16. Nxg7 Kxg7 17. Rad1 Rxd1 18. Rxd1 Nc6 19. Be3 e5 20. Rd5 Be6 21. Rd6 Kf7 22. a3 Rc8 23. h4 a6 24. b4 Rd8 25. Rxd8 Nxd8 26. a4 Bd7 27. Bb6 Nc6 28. b5 axb5 29.
axb5 Ne7 30. c4 Bc8 31. Bc7 Ke6 32. Kf1 Ng6 33. Bd5+ Kd7 34. Bb8 Ke7 35. h5 Nf8 36.
Bxe5 Nd7 37. Bf4 Nb6 38. Ke2 Nxd5 39. cxd5 Bd7 40. b6 Bb5+ 41. Ke3 Bf1 42. Kd4 Be2 43. h6 Bf3 44. Ke5 Kf7 45. d6 Bc6 46. Kxf5 Bd7+ 47. Ke5 Bc6 48. Be3 Bd7 49. f3 Bc6 50. f4 Bd7 51. f5 Bc6 52. g4 Bd7 53. g5 Bc8 54. Bd4 Bd7 55. Kf4 Bc8 56. g6+ hxg6 57. h7 1-0

[Event "*** Titled Tuesday Blitz"]
[Site "Chess.com"]
[Date "2020.04.14"]
[Round "8"]
[White "MarcoCorvi"]
[Black "Sharafiev_Azat"]
[Result "0-1"]
[WhiteElo "2137"]
[BlackElo "2509"]
[TimeControl "180+1"]
[EndTime "11:30:16 PDT"]
[Termination "Sharafiev_Azat won on time"]

1. c4 c5 2. Nc3 Nc6 3. Nf3 g6 4. e3 Nf6 5. d4 cxd4 6. Nxd4 d5 7. cxd5 Nxd5 8. Nxc6 bxc6 9. e4 Nxc3 10. Qxd8+ Kxd8 11. bxc3 Bg7 12. Bd2 a5 13. Bc4 e6 14. Ke2 Ba6 15.
Bxa6 Rxa6 16. Rab1 Kc8 17. Rhd1 Rd8 18. Be1 Rxd1 19. Kxd1 Kc7 20. Kc2 a4 21. Bd2 Rb6 22. Rxb6 Kxb6 23. c4 Kc5 24. Kd3 Bd4 25. f4 f5 26.
exf5 exf5 27. a3 Bg1 28. Bb4+ Kb6 29. h3 Bf2 30. Bd6 Kb7 31. Bb4 Kc7 32. c5 Kb7 33. Kc4 Ka6 34. Bc3 Be3 35. Be5 Bd2 36. g4 Kb7 37.
gxf5 gxf5 38. Bd6 Kc8 39. Be5 Kd7 40. Bd6 Ke6 41. Be5 Kf7 42. Bd6 Kg6 43. Kd3 Bc1 44. Kc4 Bxa3 45. Kc3 Kh5 46. Be7 Bc1 47. Bd6 Kh4 48. Kb4 a3 49. Kb3 Kxh3 50. Ka2 Kg4 51. Be5 h5 52. Bd6 h4 53. Kb1 Bxf4 54. Be7 h3 55.
Ka2 Bc1 56. Bd6 f4 57. Be5 h2 58. Bd6 h1=Q 0-1

[Event "*** Titled Tuesday Blitz"]
[Site "Chess.com"]
[Date "2020.04.14"]
[Round "8"]
[White "mortngabriel"]
[Black "bait_or_mate"]
[Result "1-0"]
[WhiteElo "2408"]
[BlackElo "2563"]
[TimeControl "180+1"]
[EndTime "11:30:17 PDT"]
[Termination "mortngabriel won by resignation"]

1. d4 Nf6 2. c4 e6 3. Nf3 d5 4. Nc3 a6 5. cxd5 exd5 6. Bf4 Bd6 7.
Bxd6 Qxd6 8. e3 O-O 9. Bd3 Bg4 10. O-O Nbd7 11. Rc1 Rfe8 12. Qc2 Bxf3 13. gxf3 c5 14. dxc5 Nxc5 15. Bf5 g6 16. Bh3 Qe5 17. Nxd5 Qxd5 18. Qxc5 Qxf3 19. Bg2 Qg4 20. Qb6 Re6 21. Qxb7 Rd8 22.
Rc8 Rxc8 23. Qxc8+ Kg7 24. Qc3 h5 25. Rc1 Kh7 26.
Qd4 Qf5 27. h3 Ne4 28. Rc2 Ng5 29. Rc8 Rf6 30. Qd8 Qxf2+ 31. Kh1 Qe1+ 32. Kh2 Nf3+ 33.
Bxf3 Qf2+ 34. Bg2 Kh6 35. Qh8+ Kg5 36. Rc5+ Kh4 37. Qb8 g5 38. Rc4+ g4 39. hxg4 hxg4 40. Qh8+ Kg5 41. Qg7+ Rg6 42. Qe5+ f5 43. Qf4+ Qxf4+ 44.
exf4+ Kh6 45. Rc6 Rxc6 46. Bxc6 Kh7 47. Bb7 a5 1-0

[Event "*** Titled Tuesday Blitz"]
[Site "Chess.com"]
[Date "2020.04.14"]
[Round "8"]
[White "wnstop"]
[Black "Embrujada"]
[Result "0-1"]
[WhiteElo "2561"]
[BlackElo "2422"]
[TimeControl "180+1"]
[EndTime "11:30:17 PDT"]
[Termination "Embrujada won by resignation"]

1. e4 c6 2. d4 d5 3. Nd2 dxe4 4. Nxe4 Bf5 5. Ng3 Bg6 6. Nh3 Nf6 7. c3 e6 8. Nf4 Bd6 9. h4 Qc7 10. Qf3 Nbd7 11.
h5 Bc2 12. h6 g5 13. Nfh5 Nxh5 14. Nxh5 O-O-O 15. Bxg5 f6 16. Be3 e5 17. d5 cxd5 18.
Qxd5 Nc5 19. Be2 Be4 20. Qc4 Bxg2 21. Rg1 Bh3 22. b4 Be6 23. Qh4 Ne4 24. Rc1 f5 25. Ng7 Rhg8 26. Kf1 Bd7 27. f3 f4 28. Bxa7 Ng3+ 29.
Rxg3 fxg3 30. Kg2 e4 31. fxe4 Bc6 32. Ne6 Be7 33. Qh3 Bxe4+ 34. Kg1 Qd7 35. Rd1 Qxd1+ 36. Bxd1 Rxd1+ 37. Qf1 Rxf1+ 38. Kxf1 g2+ 39. Kg1 Rg6 40.
Nc5 Bxc5+ 41. Bxc5 Rf6 42. Kh2 Rf1 43. Bd4 Rh1+ 0-1

[Event "*** Titled Tuesday Blitz"]
[Site "Chess.com"]
[Date "2020.04.14"]
[Round "8"]
[White "LordIron"]
[Black "Yeytruyol"]
[Result "1-0"]
[WhiteElo "2246"]
[BlackElo "2390"]
[TimeControl "180+1"]
[EndTime "11:30:17 PDT"]
[Termination "LordIron won by checkmate"]

1. d4 Nf6 2. Nf3 g6 3. Nc3 d5 4.
Bg5 Bg7 5. Qd3 c6 6. Bxf6 Bxf6 7. e4 dxe4 8. Nxe4 Bg7 9. h4 Bf5 10. h5 Qd5 11. Rh4 Bxe4 12. Rxe4 Qxh5 13. O-O-O e6 14.
Be2 Nd7 15. Ne5 Nxe5 16. dxe5 Qh6+ 17. Kb1 O-O 18. Qg3 Rad8 19. Bd3 Qh5 20. Rde1 Rd5 21. a3 Rfd8 22. Rh4 Rxe5 23. Rxh5 Rxe1+ 24. Ka2 gxh5 25. Qg5 Rd5 26. Qe7 b5 27. Qxa7 Be5 28. Qa8+ Kg7 29. Qxc6 Bf6 30. Qc7 h4 31. Qf4 h3 32. Qg4+ Rg5 33.
Qxh3 Rg1 34. Qxh7+ Kf8 35. Qh6+ Ke7 36. g3 Rg2 37. Qh4 Rxf2 38. Qb4+ Ke8 39. Bxb5+ Rxb5 40. Qxb5+ Ke7 41. Qc5+ Ke8 42. Qxf2 Ke7 43. g4 Be5 44. Qf3 Bd6 45. Qe4 f5 46. gxf5 Kd7 47. Qxe6+ Kc6 48.
f6 Kc5 49. Qxd6+ Kxd6 50. Kb3 Ke6 51. Kc4 Kxf6 52. b4 Ke7 53. Kc5 Kd7 54. b5 Kc8 55.
a4 Kb8 56. a5 Ka8 57. c4 Kb8 58. b6 Ka8 59. Kb5 Kb8 60. a6 Ka8 61. c5 Kb8 62.
c6 Ka8 63. Kc5 Kb8 64. Kd6 Kc8 65. a7 Kd8 66. a8=R# 1-0

[Event "*** Titled Tuesday Blitz"]
[Site "Chess.com"]
[Date "2020.04.14"]
[Round "8"]
[White "Y0ung_Capablanca"]
[Black "sergoy"]
[Result "0-1"]
[WhiteElo "2714"]
[BlackElo "2901"]
[TimeControl "180+1"]
[EndTime "11:30:18 PDT"]
[Termination "sergoy won by resignation"]

1. e4 c5 2. Nf3 d6 3. Bb5+ Nd7 4.
O-O a6 5. Bd3 Ngf6 6. Re1 e6 7.
a4 b6 8. c3 Bb7 9. Bc2 Be7 10.
d4 O-O 11. Nbd2 b5 12. b3 e5 13. d5 Nh5 14. Nf1 g6 15. Ng3 Ng7 16. Bh6 Nf6 17.
h3 Re8 18. Qe2 b4 19. cxb4 cxb4 20. Rec1 Nd7 21. Be3 Rf8 22. Nd2 Bg5 23. Bxg5 Qxg5 24. Nc4 Qe7 25. Na5 Nc5 26. Qd2 Rab8 27. Bd1 f5 28. Rc4 Qc7 29. Nxb7 Qxb7 30. Rac1 Qb6 31. exf5 Nxf5 32. Nxf5 Rxf5 33. Bg4 Rf6 34. Qe3 Rbf8 35.
Be6+ Kg7 36. R1c2 a5 37. Rxc5 dxc5 38. Qxe5 c4 39. bxc4 Qc5 40. g4 h6 41. h4 Kh7 42.
Bf5 gxf5 43. g5 Rg6 44. Kh2 Qd6 45. Qxd6 Rxd6 46. Rd2 Rc8 0-1

[Event "*** Titled Tuesday Blitz"]
[Site "Chess.com"]
[Date "2020.04.14"]
[Round "8"]
[White "almo64"]
[Black "RovenVogel"]
[Result "1-0"]
[WhiteElo "2839"]
[BlackElo "2624"]
[TimeControl "180+1"]
[EndTime "11:30:18 PDT"]
[Termination "almo64 won by resignation"]

1. e4 e5 2. Nf3 Nc6 3. Bb5 Nf6 4.
d3 Bc5 5. Nc3 O-O 6. Bxc6 dxc6 7.
Qe2 Bg4 8. h3 Bxf3 9. Qxf3 Nd7 10. Qg3 Re8 11. Bh6 Qf6 12. Be3 Bd6 13. O-O-O Nf8 14.
Qg5 Qxg5 15. Bxg5 Ne6 16. Be3 a5 17. a4 Reb8 18. b3 b5 19. Kb2 Nc5 20. Ra1 Ne6 21. Ra2 b4 22. Nb1 Bc5 23. Bxc5 Nxc5 24. Nd2 Ne6 25.
Nc4 f6 26. g3 c5 27. Raa1 Kf8 28. h4 Ke7 29. h5 Nd4 30. f4 exf4 31. gxf4 Nc6 32. Rag1 Kf7 33. f5 h6 34. Ne3 Ne5 35.
Nd5 c6 36. Nc7 Ra7 37. Ne6 Rg8 38. Rg3 Ke7 39. Rhg1 Kd6 40. Nxg7 Nf7 41. Rg6 Ng5 42.
Rxf6+ Ke5 43. Rxh6 Raxg7 44. Rxc6 Nf3 45. Rxc5+ Kd4 46. Rxg7 Rxg7 47. f6 Rf7 48. Rf5 Ke3 49. h6 Nd4 50. Rh5 Rc7 51. Rh2 Kf4 52. h7 1-0

[Event "*** Titled Tuesday Blitz"]
[Site "Chess.com"]
[Date "2020.04.14"]
[Round "8"]
[White "Chessialist"]
[Black "Jumbo"]
[Result "0-1"]
[WhiteElo "2647"]
[BlackElo "2852"]
[TimeControl "180+1"]
[EndTime "11:30:19 PDT"]
[Termination "Jumbo won by resignation"]

1. e4 g6 2. h4 h5 3. Nh3 Bg7 4. Bc4 c6 5. Nc3 d6 6. Ng5 Nh6 7. d3 b5 8. Bb3 a5 9. a4 b4 10. Ne2 Na6 11. Nf4 Nc5 12. Bc4 e5 13. Bxf7+ Nxf7 14. Nxg6 Bg4 15. f3 Bd7 16. Nxf7 Kxf7 17. Nxh8+ Qxh8 18. Be3 Ne6 19. Qd2 c5 20. b3 Ke7 21.
O-O-O Rf8 22. Rdf1 Nd4 23. Kb1 Be6 24. f4 exf4 25.
Rxf4 Rxf4 26. Bxf4 Kd7 27. Rf1 Nc6 28. Qf2 Qg8 29. Ka2 Nd4 30. Rb1 Bg4 31. Bc1 Ne2 32. Bb2 Bxb2 33. Rxb2 Qg7 34. c4 Nc3+ 35. Ka1 Kc6 36. d4 Qxd4 37. Qxd4 cxd4 38. Rd2 Kc5 39. Kb2 Nxe4 40. Rd3 Be2 41. Rh3 d3 42. Re3 Kd4 0-1

[Event "*** Titled Tuesday Blitz"]
[Site "Chess.com"]
[Date "2020.04.14"]
[Round "8"]
[White "eljanov"]
[Black "CaspiIsrael"]
[Result "0-1"]
[WhiteElo "2772"]
[BlackElo "2556"]
[TimeControl "180+1"]
[EndTime "11:30:21 PDT"]
[Termination "CaspiIsrael won on time"]

1. Nf3 f5 2. g3 g6 3. Bg2 Bg7 4.
d4 Nf6 5. c4 O-O 6. O-O d6 7. Nc3 c6 8. Qb3 Na6 9. Rd1 Qb6 10.
Qxb6 axb6 11. a3 Nc7 12. d5 c5 13. Rb1 Bd7 14. b4 cxb4 15. axb4 Rfc8 16. Be3 b5 17. c5 Na6 18. Bd4 dxc5 19. bxc5 Nxc5 20. Ne5 Be8 21. Nxb5 Nfe4 22. f3 Nd6 23. Nxd6 exd6 24. Nc4 Bxd4+ 25. Rxd4 Ra4 26. e3 Rd8 27. Nb6 Rxd4 28. exd4 Na6 29. Nc4 b5 30. Na5 Nc7 31. f4 Ra8 32. Nc6 Ra4 33.
Re1 Bxc6 34. dxc6 Kf7 35. d5 Rd4 36. Ra1 Ra4 37. Rb1 b4 38. h3 h5 39. g4 hxg4 40. hxg4 fxg4 41. Kh2 Kf6 42. Rb2 Kf5 43. Kg3 Ra3+ 44.
Kh2 g3+ 45. Kh3 b3 46. Kxg3 Nb5 47. Kf2 Kxf4 48. Re2 Ra2 0-1

[Event "*** Titled Tuesday Blitz"]
[Site "Chess.com"]
[Date "2020.04.14"]
[Round "8"]
[White "Larax"]
[Black "OhanyanEminChess"]
[Result "0-1"]
[WhiteElo "2396"]
[BlackElo "2550"]
[TimeControl "180+1"]
[EndTime "11:30:21 PDT"]
[Termination "OhanyanEminChess won by resignation"]

1. e4 e5 2. Nf3 Nc6 3. Bc4 Nf6 4.
d3 d5 5. exd5 Nxd5 6. O-O Bc5 7.
Nbd2 O-O 8. Re1 Be6 9. c3 Re8 10. a4 a6 11. Nf1 f6 12. Ng3 Ba7 13. d4 exd4 14. cxd4 Bf7 15. Rxe8+ Qxe8 16. Ra3 Qd7 17. Ne4 Re8 18. Nc5 Bxc5 19. dxc5 Nb6 20. Qxd7 Nxd7 21.
Bxf7+ Kxf7 22. Be3 Nde5 23. Nxe5+ Rxe5 24. Rb3 Na5 25. Rc3 Rd5 26. g3 Ke6 27. Kg2 Kd7 28. b4 Nc6 29. b5 axb5 30. axb5 Ne5 31. h3 c6 32. f4 Rd3 33. Rxd3+ Nxd3 34. Kf3 cxb5 35. Ke4 Nb4 36. Bd2 Nc6 37. Kd5 Ne7+ 38. Ke4 Kc6 39. Be3 b4 40. g4 b3 41. Bd4 Nd5 42. h4 Nc7 43. Kf5 Kd5 44. Bb2 Kxc5 45. h5 Nd5 46. g5 fxg5 47. fxg5 Kc4 48. Bxg7 Nc3 49. Bxc3 Kxc3 50. Kf6 b2 51. g6 hxg6 52. hxg6 b1=Q 53.
g7 Qf1+ 54. Ke7 Qg2 55. Kf7 b5 56. g8=Q Qxg8+ 57. Kxg8 b4 0-1

[Event "*** Titled Tuesday Blitz"]
[Site "Chess.com"]
[Date "2020.04.14"]
[Round "8"]
[White "isla88"]
[Black "TomasKapitanchuk"]
[Result "1-0"]
[WhiteElo "2321"]
[BlackElo "2479"]
[TimeControl "180+1"]
[EndTime "11:30:21 PDT"]
[Termination "isla88 won on time"]

1. c4 e5 2. Nc3 Nf6 3. Nf3 Nc6 4. e3 Bb4 5. Qc2 O-O 6. Nd5 Bc5 7. Ng5 g6 8. Nxf6+ Qxf6 9. Ne4 Qe7 10. a3 a5 11. b3 d6 12. Bb2 Bf5 13. Bd3 Bxe4 14.
Bxe4 f5 15. Bd5+ Kg7 16. f4 Rae8 17. fxe5 dxe5 18. O-O Nd8 19. Rae1 Bd6 20. Qc3 b6 21. a4 c6 22. Bf3 Kg8 23. g3 Bb4 24. Qc1 e4 25.
Bg2 Bd6 26. Qc2 Nb7 27. d4 c5 28. Rd1 cxd4 29. Bxd4 Bc5 30. Qc3 Rd8 31. Rd2 Bb4 32.
Qb2 Bxd2 33. Qxd2 Nc5 34. Qc2 Qd6 35. Rd1 Nd3 36. Ba1 Qb4 37. Rxd3 Rxd3 38. Qb2 Qe1+ 39. Bf1 Qxe3+ 40. Kh1 Qf3+ 41. Kg1 Qe3+ 42. Kh1 Qd4 43. Qb1 1-0

[Event "*** Titled Tuesday Blitz"]
[Site "Chess.com"]
[Date "2020.04.14"]
[Round "8"]
[White "Grandmaster2B"]
[Black "SanQui14"]
[Result "1-0"]
[WhiteElo "2530"]
[BlackElo "2328"]
[TimeControl "180+1"]
[EndTime "11:30:21 PDT"]
[Termination "Grandmaster2B won by resignation"]

1. e4 e6 2. d4 d5 3. Nd2 c5 4. exd5 Qxd5 5. Ngf3 cxd4 6. Bc4 Qd7 7. O-O Nc6 8. Nb3 Nf6 9. Nbxd4 Nxd4 10. Nxd4 a6 11. Re1 Qc7 12. Qe2 Bd6 13. h3 O-O 14. Bg5 b5 15.
Bd3 Nd5 16. Rad1 h6 17. Bc1 Nf4 18. Bxf4 Bxf4 19. Qe4 g6 20. Qe2 Bb7 21. Qg4 h5 22. Qe2 Rad8 23. Bxg6 fxg6 24. Nxe6 Qc6 25. Nxf4 Rxd1 26.
Rxd1 Rxf4 27. Rd8+ Kg7 28. Qe5+ Rf6 29. f3 Qb6+ 30.
Rd4 Kg8 31. Kh2 Re6 32. Qf4 Rf6 33. Qb8+ Kg7 34. Rd7+ Rf7 35. Rd8 a5 36. Rg8+ Kf6 37. Qf4+ Ke7 38. Qe5+ Qe6 39. Re8+ Kxe8 40. Qxe6+ Kf8 41.
Qxg6 b4 42. Qxh5 a4 43. Qh8+ Ke7 44. Qe5+ Kf8 45. Qd4 b3 46. Qb4+ Kg8 47. cxb3 axb3 48. Qxb3 Kg7 49. a4 Ba6 50. Qc3+ Kg8 51. b4 Bb7 52. b5 Rg7 53. a5 Re7 54. a6 Bxa6 55. bxa6 Kf7 56. Qc4+ Kf6 57. Qd4+ Kg6 58. a7 Re8 59.
Qd6+ Kg7 60. Qd7+ Kf8 61. Qxe8+ Kxe8 62. a8=Q+ Ke7 63. h4 Kd6 64. h5 Kc5 65. h6 Kb4 66. h7 Kc3 67. h8=Q+ Kd2 68. Qhe8 Kd1 69. Qd5+ Kc1 70.
Qec6+ Kb1 71. Qdb5+ 1-0

[Event "*** Titled Tuesday Blitz"]
[Site "Chess.com"]
[Date "2020.04.14"]
[Round "8"]
[White "manitodeplomo"]
[Black "joksijoksi"]
[Result "0-1"]
[WhiteElo "2465"]
[BlackElo "2320"]
[TimeControl "180+1"]
[EndTime "11:30:21 PDT"]
[Termination "joksijoksi won by checkmate"]

1. d4 Nf6 2. c4 g6 3. Nc3 Bg7 4. e4 d6 5. Be2 O-O 6. Nf3 Na6 7.
Nd2 e5 8. d5 Ne8 9. Rb1 c5 10.
O-O f5 11. f3 Bh6 12. Nb3 Bxc1 13. Nxc1 Qg5 14. Nd3 f4 15. b4 b6 16. bxc5 bxc5 17.
Qa4 Qe7 18. Qc6 Nac7 19. Qa4 g5 20. g4 h5 21. h3 hxg4 22. hxg4 Kg7 23. Kg2 Bd7 24.
Qa5 Bc8 25. Rh1 Qf6 26. Nf2 Rh8 27. Rxh8 Kxh8 28. Nb5 Qe7 29. Nxc7 Qxc7 30. Qxc7 Nxc7 31. Nd1 Kg7 32. Nc3 Ba6 33. a4 Kg6 34. Nb5 Bxb5 35.
cxb5 Rb8 36. a5 Na8 37. Bc4 Kf7 38. Kf2 Kf6 39. Ke2 Kg6 40. Kd3 Kf6 41. Kc3 Rb7 42.
Rb3 Rb8 43. Kb2 Ke7 44. Ka3 Kd7 45. Rb1 Rh8 46. b6 axb6 47. Bb5+ Kc7 48. Bc6 Rb8 49.
Rh1 bxa5 50. Rh7+ Kb6 51. Rd7 c4 52. Rxd6 Kc5 53. Rg6 c3 54. Rh6 Nb6 55. Rh1 Nc4+ 56. Ka4 Rb4# 0-1

[Event "*** Titled Tuesday Blitz"]
[Site "Chess.com"]
[Date "2020.04.14"]
[Round "8"]
[White "Tonychess32"]
[Black "vovkcoach"]
[Result "1-0"]
[WhiteElo "2627"]
[BlackElo "2748"]
[TimeControl "180+1"]
[EndTime "11:30:24 PDT"]
[Termination "Tonychess32 won by resignation"]

1. e4 c5 2. Nf3 d6 3. c3 Nf6 4. Bd3 Nbd7 5. Bc2 b6 6. O-O Bb7 7. Re1 e5 8. d4 Be7 9. dxe5 dxe5 10. c4 O-O 11. Nc3 Re8 12. Nd5 Bxd5 13. exd5 Bd6 14. Ng5 h6 15. Ne4 Nxe4 16. Bxe4 Nf6 17. Bf5 e4 18. g3 g6 19. Bh3 Be5 20. Qc2 b5 21. cxb5 Qxd5 22. Bxh6 c4 23. a4 Qd3 24. Rac1 a6 25. b6 Rab8 26. a5 Qd5 27. Qxc4 Qxa5 28. Be3 Nd5 29. b4 Qb5 30. Qxb5 axb5 31. Bc5 Bb2 32.
Rc2 Bg7 33. Bd7 Red8 34. Bxb5 e3 35. fxe3 Nxb6 36. Bf1 Nd5 37. Rd1 Bf6 38. Rcd2 Nc3 39. Rxd8+ Bxd8 40. Rd7 Ne4 41. Bc4 Nxc5 42. Bxf7+ Kf8 43.
bxc5 Bg5 44. c6 Rb2 45. c7 Bxe3+ 46. Kh1 Rc2 47. Rd8+ Kxf7 48. c8=Q Rxc8 49. Rxc8 g5 50. Kg2 Kg6 51. Kf3 Bd4 52. Kg4 Bf6 53. Rc6 Kg7 54. Kf5 1-0